 Dungeon Crawl Stone Soup version 0.31.0-9-g3a7656b989 (webtiles) character file.

Game seed: 8720445343771483663

567 qw the Shooter (level 7, 0/35 HPs)
             Began as a Spriggan Hunter on Feb 2, 2024.
             Slain by a scorpion (6 damage)
             ... on level 5 of the Dungeon.
             The game lasted 00:00:19 (3524 turns).

qw the Shooter (Spriggan Hunter)                    Turns: 3524, Time: 00:00:19

Health: 0/35       AC:  4    Str:  7    XL:     7   Next: 11%
Magic:  8/8        EV: 22    Int: 10    God:
Gold:   160        SH:  0    Dex: 21    Spells: 6/6 levels left

rFire   . . .        a - +0 shortbow (chaos)
rCold   . . .        (shield currently unavailable)
rNeg    . . .        c - +0 robe
rPois   .            (helmet restricted)
rElec   .            (no cloak)
rCorr   .            (gloves unavailable)
SInv    +            (boots unavailable)
Will    +....        d - amulet of regeneration
Stlth   ++           (no ring)
HPRegen 1.05/turn    (no ring)
MPRegen 0.11/turn

%: no passive effects
@: lethally poisoned (0 -> -1), very quick
A: very small, no large weapons, unfitting armour, see invisible, speed 3,
iridescent scales 1
a: no special abilities


You were on level 5 of the Dungeon.
You visited 1 branch of the dungeon, and saw 5 of its levels.
You also visited: Sewer.

You collected 160 gold pieces.


Innate Abilities, Weirdness & Mutations

You are very small and have problems with some larger weapons.
You are too small for most types of armour.
You have supernaturally acute eyesight. (SInv)
You cover ground extremely quickly. (Speed+++)
You are partially covered in iridescent scales. (AC +2)


   Skills:
 - Level 2.0 Fighting
 - Level 7.0 Ranged Weapons
 + Level 6.8 Dodging
 - Level 1.5 Stealth


You had 6 spell levels left.
You didn't know any spells.
Your spell library was empty.

Inventory:

Hand Weapons
 a - a +0 shortbow of chaos (weapon)
Armour
 c - a +0 robe (worn)
Jewellery
 d - an amulet of regeneration (around neck)
 n - a ring of ice
Wands
 b - a wand of flame (20)
 o - a wand of digging (5)
Scrolls
 g - a scroll of enchant armour
Potions
 e - a potion of attraction {unknown}
 f - a potion of haste {unknown}
 h - a potion of might {unknown}
 j - a potion of magic {unknown}
 l - a potion of curing {unknown}
 m - a potion of lignification {unknown}

Dungeon Overview and Level Annotations

Branches:
Dungeon (5/15)              Sewer (visited)
 Temple: D:4-7

Altars:

Shops:
D:4 :


Message History

You kill the ufetubus!
The scorpion misses you. The scorpion barely misses you.
You shoot an arrow.
The arrow barely misses the steam dragon.
The steam dragon bites you. The steam dragon claws you.
The scorpion closely misses you.
You shoot an arrow.
The arrow barely misses the steam dragon.
The steam dragon misses you. The steam dragon claws you.
The scorpion stings you but does no damage.
You shoot an arrow.
The arrow hits the steam dragon but does no damage.
The steam dragon seems to speed up.
The steam dragon closely misses you. The steam dragon misses you.
The scorpion stings you.
You are poisoned.
The scorpion poisons you! The steam dragon bites you.
The steam dragon barely misses you.
You shoot an arrow. The arrow hits the steam dragon.
The steam dragon is lightly wounded.
You feel very sick. The scorpion completely misses you.
The steam dragon barely misses you. The steam dragon completely misses you.
The scorpion stings you.
You shoot an arrow.
The arrow barely misses the steam dragon.
You feel sick. The steam dragon closely misses you.
The steam dragon barely misses you. x2; The steam dragon completely misses you.
The scorpion stings you.
You shoot an arrow.
The arrow barely misses the steam dragon.
You feel sick. The steam dragon completely misses you.
The steam dragon misses you. The scorpion closely misses you.
You shoot an arrow. The arrow hits the steam dragon.
The steam dragon is moderately wounded.
You feel sick. The steam dragon bites you. The steam dragon misses you.
The scorpion barely misses you. The steam dragon misses you. x2
You shoot an arrow.
The arrow barely misses the steam dragon.
You feel sick. The scorpion stings you.
You die...

...# #..#
#... ##..#
.<.# #..#
#..#
######..##
.......s@.#
.###.#.D#.#
#. #.##.# ..
#.##.########
.D
#............
.
####...#####
#..###.#
#......#####
#.#........#


You could see a steam dragon (fast) and a scorpion.

Vanquished Creatures
  2 bullfrogs (Sewer)
  A howler monkey (D:4)
  A hound (D:2)
  Natasha (D:3)
  Robin (D:2)
  19 adders
  2 ufetubi (D:5)
  2 ribbon worms
  8 dart slugs
  2 orcs (D:4)
  15 ball pythons
  14 endoplasms
  7 giant cockroaches
  20 goblins
  4 hobgoblins
  4 jackals (D:1)
  4 quokkas
  7 bats
  11 frilled lizards
  6 kobolds
  6 rats
137 creatures vanquished.

Vanquished Creatures (others)
  An endoplasm (D:3)
1 creature vanquished.

Grand Total: 138 creatures vanquished

Notes
Turn   | Place    | Note
-------+----------+-------------------------------------------
     0 | D:1      | qw the Spriggan Hunter began the quest for the Orb.
     0 | D:1      | Reached XP level 1. HP: 10/10 MP: 2/2
     0 | D:1      | 0 ||| qw: Version: 0.3-a-155-g5e7d8dd
     0 | D:1      | 0 ||| qw: Game counter: 264
     0 | D:1      | 0 ||| qw: Melee chars always use a shield: true
     0 | D:1      | 0 ||| qw: God list: Okawaru
     0 | D:1      | 0 ||| qw: Allow faded altars: false
     0 | D:1      | 0 ||| qw: Do Orc after clearing Dungeon:15 true
     0 | D:1      | 0 ||| qw: Do second Lair branch before Depths: true
     0 | D:1      | 0 ||| qw: Lair rune preference: random
     0 | D:1      | 0 ||| qw: Goals: Normal
     0 | D:1      | 0 ||| PLANNING D:1-11
    96 | D:1      | Reached skill level 3 in Dodging
   169 | D:1      | Reached XP level 2. HP: 14/14 MP: 3/3
   280 | D:1      | HP: 3/14 [jackal (1)]
   443 | D:1      | Reached XP level 3. HP: 18/18 MP: 4/4
   942 | D:1      | 942 ||| READING scroll labelled WENIDE JOTTU.
   947 | D:1      | 947 ||| DROPPING scroll of butterflies.
  1080 | D:2      | Reached skill level 5 in Ranged Weapons
  1199 | D:2      | Reached XP level 4. HP: 14/22 MP: 5/5
  1303 | D:2      | Found a faded altar of an unknown god.
  1686 | D:2      | 1686 ||| READING 2 scrolls labelled DUTWUO PIUV.
  1687 | D:2      | 1687 ||| READING 2 scrolls labelled RERCHE ELUUWN.
  1687 | D:2      | 1687 ||| ENCHANTING +0 shortbow.
  1688 | D:2      | 1688 ||| READING scroll labelled CUNGOGR BEOMM.
  1688 | D:2      | 1688 ||| IDENTIFYING clear potion
  1689 | D:2      | 1689 ||| READING 2 scrolls labelled CEFROT ECHEMOP.
  1790 | D:2      | 1790 ||| DRINKING 2 fuming dark potions.
  1791 | D:2      | 1791 ||| FLEEEEING.
  1792 | D:2      | 1792 ||| FLEEEEING.
  1793 | D:2      | 1793 ||| FLEEEEING.
  1794 | D:2      | 1794 ||| FLEEEEING.
  1795 | D:2      | 1795 ||| FLEEEEING.
  1796 | D:2      | 1796 ||| FLEEEEING.
  1797 | D:2      | 1797 ||| FLEEEEING.
  1798 | D:2      | 1798 ||| FLEEEEING.
  1799 | D:2      | 1799 ||| FLEEEEING.
  1800 | D:2      | 1800 ||| FLEEEEING.
  1801 | D:2      | 1801 ||| FLEEEEING.
  1802 | D:2      | 1802 ||| FLEEEEING.
  1803 | D:2      | 1803 ||| FLEEEEING.
  1804 | D:2      | 1804 ||| FLEEEEING.
  1805 | D:2      | 1805 ||| FLEEEEING.
  1806 | D:2      | 1806 ||| FLEEEEING.
  1807 | D:2      | 1807 ||| FLEEEEING.
  1808 | D:2      | 1808 ||| FLEEEEING.
  1809 | D:2      | 1809 ||| FLEEEEING.
  1810 | D:2      | 1810 ||| FLEEEEING.
  1811 | D:2      | 1811 ||| FLEEEEING.
  1812 | D:2      | 1812 ||| FLEEEEING.
  1813 | D:2      | 1813 ||| FLEEEEING.
  1814 | D:2      | 1814 ||| FLEEEEING.
  1815 | D:2      | 1815 ||| FLEEEEING.
  1816 | D:2      | 1816 ||| FLEEEEING.
  1817 | D:2      | 1817 ||| FLEEEEING.
  1818 | D:2      | 1818 ||| FLEEEEING.
  1819 | D:2      | 1819 ||| FLEEEEING.
  1820 | D:2      | 1820 ||| FLEEEEING.
  1821 | D:2      | 1821 ||| FLEEEEING.
  1822 | D:2      | 1822 ||| FLEEEEING.
  1823 | D:2      | 1823 ||| FLEEEEING.
  1824 | D:2      | 1824 ||| FLEEEEING.
  1825 | D:2      | 1825 ||| FLEEEEING.
  1826 | D:2      | 1826 ||| FLEEEEING.
  1827 | D:2      | 1827 ||| FLEEEEING.
  1828 | D:2      | 1828 ||| FLEEEEING.
  1829 | D:2      | 1829 ||| FLEEEEING.
  1830 | D:2      | 1830 ||| FLEEEEING.
  1831 | D:2      | 1831 ||| FLEEEEING.
  1832 | D:2      | 1832 ||| FLEEEEING.
  1833 | D:2      | 1833 ||| FLEEEEING.
  1834 | D:2      | 1834 ||| FLEEEEING.
  1835 | D:2      | 1835 ||| FLEEEEING.
  1836 | D:2      | 1836 ||| STAIRDANCE
  1938 | D:1      | 1938 ||| DRINKING 2 lumpy black potions.
  1938 | D:1      | Gained mutation: You are dopey. (Int -2) [potion of
                  | mutation]
  1938 | D:1      | Gained mutation: You are very dopey. (Int -4) [potion of
                  | mutation]
  1938 | D:1      | Gained mutation: You are vulnerable to heat. (rF-) [potion
                  | of mutation]
  1939 | D:1      | 1939 ||| DRINKING potion of mutation.
  1939 | D:1      | Lost mutation: You are very dopey. (Int -4) [potion of
                  | mutation]
  1939 | D:1      | Lost mutation: You are dopey. (Int -2) [potion of mutation]
  1939 | D:1      | Lost mutation: You are vulnerable to heat. (rF-) [potion of
                  | mutation]
  1939 | D:1      | Gained mutation: You are partially covered in iridescent
                  | scales. (AC +2) [potion of mutation]
  1940 | D:1      | 1940 ||| DROPPING scroll of revelation.
  1941 | D:1      | 1941 ||| DROPPING potion of berserk rage.
  1942 | D:1      | 1942 ||| DROPPING scroll of silence.
  1972 | D:3      | Noticed Robin
  1973 | D:3      | 1973 ||| PLANNING SEWER
  1974 | D:3      | 1974 ||| STAIRDANCE
  1996 | D:3      | 1996 ||| STAIRDANCE
  2007 | D:2      | HP: 5/23 [hobgoblin[Robin] (2)]
  2008 | D:2      | 2008 ||| DRINKING potion of heal wounds.
  2016 | D:3      | 2016 ||| STAIRDANCE
  2097 | D:3      | 2097 ||| STAIRDANCE
  2107 | D:2      | Killed Robin
  2129 | D:3      | Reached XP level 5. HP: 26/26 MP: 6/6
  2430 | D:3      | Reached skill level 6 in Ranged Weapons
  2446 | D:3      | Found a glowing drain.
  2447 | D:3      | 2447 ||| UPGRADING to amulet of regeneration.
  2458 | Sewer    | Entered a sewer
  2542 | Sewer    | Reached XP level 6. HP: 30/30 MP: 7/7
  2636 | Sewer    | Reached skill level 6 in Dodging
  2723 | Sewer    | HP: 6/30 [bullfrog (8)]
  2728 | Sewer    | HP: 6/30 [bullfrog (1)]
  2764 | Sewer    | 2764 ||| READING scroll labelled ERPHUBALEPH.
  2765 | Sewer    | 2765 ||| READING scroll labelled LIETWA XIPSAJE.
  2780 | D:3      | 2780 ||| PLANNING D:1-11
  2986 | D:4      | 2986 ||| STAIRDANCE
  2993 | D:4      | 2993 ||| STAIRDANCE
  2996 | D:3      | Reached skill level 7 in Ranged Weapons
  2998 | D:4      | Noticed Natasha
  2999 | D:4      | 2999 ||| STAIRDANCE
  3008 | D:4      | 3008 ||| STAIRDANCE
  3017 | D:4      | 3017 ||| STAIRDANCE
  3024 | D:4      | 3024 ||| STAIRDANCE
  3027 | D:3      | Killed Natasha
  3094 | D:4      | Found Tutaj's Book Emporium.
  3178 | D:4      | Reached XP level 7. HP: 35/35 MP: 8/8
  3445 | D:4      | 3445 ||| READING scroll labelled GOMMUH ETSA.
  3445 | D:4      | 3445 ||| BRANDING +0 shortbow.
  3446 | D:4      | 3446 ||| READING scroll labelled NOUSTE ZAASHOU.
  3447 | D:4      | 3447 ||| READING scroll labelled ISONOI ABER.
  3467 | D:5      | Entered Level 5 of the Dungeon
  3510 | D:5      | Noticed a steam dragon
  3511 | D:5      | 3511 ||| RETREEEEATING.
  3523 | D:5      | HP: 5/35 [steam dragon (4)]
  3524 | D:5      | Slain by a scorpion

Levels and vault maps discovered:
D:1:      lemuel_arrival_funnel, layout_loops_corners
D:2:      layout_basic, hellmonk_ecumenical_altar_inner_sanctum
D:3:      layout_rooms, lightli_sewer_entry_pipes, minmay_fountain_box,
          uniq_robin
D:4:      layout_cave_pools, serial_shops, shop, grunt_ministairs_8,
          minmay_bisected, uniq_natasha
D:5:      layout_loops_ring, hangedman_glass_teeth,
          hangedman_abyss_or_decor_jellyfish_corner

Skill      XL: |  1  2  3  4  5  6 |
---------------+-------------------+-----
Dodging        | 3 4 5 6 |  6.8
Ranged Weapons | 5 6 7 |  7.0
Fighting       | 2 |  2.0
Stealth        | |  1.5

Action                     |  1- 3 |  4- 6 |  7- 9 || total
---------------------------+-------+-------+-------++-------
   Fire: Shortbow          |    99 |   307 |    23 ||   429
    Use: Scroll            |     1 |     6 |     3 ||    10
         Potion            |       |     4 |       ||     4
 Armour: Robe              |    15 |    62 |    10 ||    87
  Dodge: Dodged            |    37 |   266 |    27 ||   330

Table legend:
 A = Non-vault XP
 B = Vault XP
 C = Vault XP percentage of total XP
 D = Non-vault monster count
 E = Vault monster count
 F = Vault count percentage of total count
                 A         B        C        D         E       F
            +---------+---------+-------+---------+---------+-------
      Total |     327 |     483 |  59.6 |      70 |      67 |  48.9
            +---------+---------+-------+---------+---------+-------
        D:1 |      51 |       0 |   0.0 |      27 |       0 |   0.0
        D:2 |     108 |      32 |  22.9 |      17 |      10 |  37.0
        D:3 |      68 |     131 |  65.8 |      14 |      15 |  51.7
        D:4 |      84 |       4 |   4.5 |      10 |       3 |  23.1
        D:5 |      16 |       0 |   0.0 |       2 |       0 |   0.0
      Sewer |       0 |     316 | 100.0 |       0 |      39 | 100.0
            +---------+---------+-------+---------+---------+-------
